 Dungeon Crawl Stone Soup version 0.21-a0-405-gf2af9a1 (webtiles) character file.

14509 doMalho the Arsonist (level 11, 0/89 HPs)
             Began as a Pale Draconian Fire Elementalist on Oct 31, 2017.
             Was a Priest of Yredelemnul.
             Slain by a spiny frog (20 damage)
             ... on level 1 of the Lair of Beasts on Nov 1, 2017.
             The game lasted 01:40:12 (11507 turns).

doMalho the Arsonist (DrFE)                        Turns: 11507, Time: 01:40:12

Health: 0/89       AC:  8    Str: 11    XL:     11   Next: 89%
Magic:  4/23       EV: 15    Int: 18    God:    Yredelemnul [***...]
Gold:   187        SH:  0    Dex: 12    Spells: 14/27 levels left

rFire    + . .     SeeInvis .   S - +0 quarterstaff (freeze)
rCold    . . .     Gourm    +   (shield currently unavailable)
rNeg     + + .     Faith    .   (armour unavailable)
rPois    .         Spirit   .   r - +0 hat
rElec    .         Reflect  .   i - +0 cloak
rCorr    .         Harm     .   (no gloves)
MR       .....                  (no boots)
Stlth    +++.......             j - amulet of the gourmand
HPRegen  0.24/turn              n - ring of positive energy
MPRegen  0.18/turn              O - ring "Vuecux" {rF+ rN+}

@: no status effects
A: breathe steam, unfitting armour, cold-blooded, AC +7
a: Breathe Steam, Recall Undead Slaves, Injury Mirror, Animate Dead, Renounce
Religion


You were on level 1 of the Lair of Beasts.
You worshipped Yredelemnul.
Yredelemnul was most pleased with you.
You were full.

You visited 3 branches of the dungeon, and saw 12 of its levels.
You also visited: Ossuary.

You collected 697 gold pieces.
You spent 510 gold pieces at shops.

Inventory:

Hand Weapons
 t - a +4 long sword of slicing
 A - a +1 hand axe of electrocution
 S - a +0 quarterstaff of freezing (weapon)
Missiles
 m - 6 javelins (quivered)
 P - 2 throwing nets
Armour
 i - a +0 cloak (worn)
 r - a +0 hat (worn)
 J - a +0 cloak
 V - a +2 hat of magic resistance
Magical Staves
 a - an uncursed staff of poison
Jewellery
 e - an uncursed ring of fire
 j - an amulet of the gourmand (around neck)
 n - a ring of positive energy (left hand)
 O - the ring "Vuecux" (right hand) {rF+ rN+}
   (You bought it in a shop on level 9 of the Dungeon)

   [ring of positive energy]

   It protects you from fire.
   It protects you from negative energy.
 Q - an uncursed ring of protection from cold {unknown}
 R - an uncursed ring of ice
 T - an uncursed ring of protection from fire {unknown}
 Y - an uncursed ring of fire
Wands
 F - a wand of iceblast (7/15)
 G - a wand of polymorph (11/24)
 I - a wand of lightning (0/15)
 N - a wand of polymorph (22/24)
 X - a wand of disintegration (18/24)
 Z - a wand of digging (14/24)
Scrolls
 d - 6 scrolls of identify
 g - 4 scrolls of teleportation
 x - a scroll of fear
 y - 2 scrolls of magic mapping
 B - 5 scrolls of remove curse
 E - 2 scrolls of silence
 M - a scroll of immolation
 U - a scroll of enchant armour {unknown}
 W - a scroll of recharging {unknown}
Potions
 c - a potion of resistance
 f - 3 potions of flight
 h - 6 potions of lignification {unknown}
 l - 3 potions of haste {unknown}
 o - 2 potions of berserk rage {unknown}
 q - a potion of brilliance {unknown}
 u - 4 potions of mutation {unknown}
 z - a potion of curing
 C - 3 potions of heal wounds {unknown}
 D - 2 potions of might {unknown}
 K - 2 potions of agility {unknown}
 L - a potion of ambrosia {unknown}
Books
 p - a book of Maledictions

   Spells                             Type                      Level
   a - Corona                         Hexes                        1
   b - Ensorcelled Hibernation        Hexes/Ice                    2
   c - Confuse                        Hexes                        3
   d - Tukima's Dance                 Hexes                        3
   e - Dazzling Spray                 Conjuration/Hexes            3
 s - a book of Flames

   Spells                             Type                      Level
   a - Flame Tongue                   Conjuration/Fire             1
   b - Throw Flame                    Conjuration/Fire             2
   c - Conjure Flame                  Conjuration/Fire             3
   d - Inner Flame                    Hexes/Fire                   3
   e - Sticky Flame                   Conjuration/Fire             4
   f - Fireball                       Conjuration/Fire             5
 w - a book of Cantrips

   Spells                             Type                      Level
   a - Confusing Touch                Hexes                        1
   b - Animate Skeleton               Necromancy                   1
   c - Summon Small Mammal            Summoning                    1
   d - Apportation                    Translocation                1
Comestibles
 b - 11 bread rations
 k - 19 royal jellies
 v - 7 meat rations
 H - 4 fruits


   Skills:
 + Level 5.7 Fighting
 - Level 3.3 Axes
 + Level 4.1 Staves
 + Level 2.5 Throwing
 + Level 6.2 Dodging
 + Level 4.5 Stealth
 + Level 8.7 Spellcasting
 + Level 8.0 Conjurations
 + Level 9.7 Fire Magic
 + Level 4.3 Invocations
 - Level 3.9 Evocations


You had 14 spell levels left.
You knew the following spells:

 Your Spells              Type           Power        Failure   Level  Hunger
a - Flame Tongue          Conj/Fire      #####        1%          1    None
b - Conjure Flame         Conj/Fire      #####...     1%          3    None
c - Sticky Flame          Conj/Fire      #####...     2%          4    ###....
d - Fireball              Conj/Fire      #####.....   6%          5    #####..


Dungeon Overview and Level Annotations

Branches:
Dungeon (10/15)            Temple (1/1) D:4            Lair (1/6) D:10
    Orc: D:9-12

Altars:
Ashenzari
Cheibriados
Dithmenos
Elyvilon
Fedhas
Gozag
Hepliaklqana
Kikubaaqudgha
Makhleb
Nemelex Xobeh
Okawaru
Qazlal
Ru
Sif Muna
Trog
Uskayaw
Vehumet
Wu Jian
Xom
Yredelemnul
Zin
The Shining One

Shops:
D:9 (=?=(


Innate Abilities, Weirdness & Mutations

You can breathe blasts of scalding, opaque steam.
Your pale cyan-grey scales are hard. (AC +7)
You cannot fit into any form of body armour.
You are cold-blooded and may be slowed by cold attacks.


Message History

The spiny frog closely misses you.
You feel better.
The spiny frog stings you but does no damage.
The spiny frog stings you!!
* * * LOW HITPOINT WARNING * * *
You are poisoned.
The spiny frog poisons you!
You feel sick.
You feel sick.
You feel sick. The spiny frog misses you.
You feel sick. The spiny frog stings you!
* * * LOW HITPOINT WARNING * * *
You are lethally poisoned!
The spiny frog poisons you!
* * * LOW HITPOINT WARNING * * *
You feel sick.
Your flying skull hits the spiny frog.
You feel better.
Your flying skull hits the spiny frog.
The spiny frog stings you!!
You die...
Your body rises from the dead as a mindless zombie.

#..P........P#
#P..........P. ##..
##PP...P....PP####..##
#PPP.P........P##....##
#PP.......P...........#
................P....#
....#................##
....##........>.......#
...####....)....@F....#
..##
#..........Zz....## .##
#.................# .#
#...(.......Z..#..# .
##
#...........Z..##.P...
#............Z..# .....
#..............### ....
#..............%%#.....
#....####......†ZZ.....


You could see a spiny frog, a friendly flying skull, a friendly komodo dragon
zombie, 2 friendly yak zombies and a friendly wolf spider zombie.

Vanquished Creatures
  Fannar (D:10)
  Harold (D:10)
  2 two-headed ogres
  A black mamba (Lair:1)
  A queen bee (D:10)
  A hippogriff (D:9)
  Eustachio (D:4)
  12 yaks
  4 hogs (D:8)
  A human (D:8)
  A hungry ghost (D:7)
  The ghost of doMalho the Conjurer, an amateur DrCj of Qazlal (D:4)
  2 hell hounds (D:10)
  2 water moccasins
  3 sky beasts
  2 phantoms
  3 black bears
  3 ogres
  2 orc warriors
  2 ice beasts (D:6)
  2 necrophages
  3 centaurs
  2 crocodiles (Lair:1)
  3 bullfrogs
  A big kobold (D:9)
  3 jellies
  20 killer bees (D:10)
  A yak zombie (D:9)
  3 howler monkeys
  5 crimson imps
  A quasit (D:6)
  2 orc priests (D:4)
  2 bullfrog skeletons (D:9)
  2 centaur skeletons
  A gnoll shaman (D:6)
  7 hounds
  3 iguanas
  7 orc wizards
  7 worker ants
  2 killer bee zombies (D:10)
  A crocodile zombie (Lair:1)
  5 mummies
  3 gnolls (D:6)
  A howler monkey skeleton (D:8)
  11 adders
  2 oozes
  3 worms
  2 dart slugs
  5 leopard geckos
  29 orcs
  3 giant cockroaches
  6 goblins
  6 hobgoblins
  11 kobolds
  7 quokkas
  6 bats
  5 frilled lizards
  A kobold zombie (D:9)
  A leopard gecko skeleton (D:6)
  11 rats
  A plant (Lair:1)
243 creatures vanquished.

Vanquished Creatures (collateral kills)
  Gastronok (Lair:1)
  A wolf spider (Lair:1)
  4 komodo dragons (Lair:1)
  11 yaks (Lair:1)
  A basilisk (Lair:1)
  A water moccasin (Lair:1)
  A porcupine (Lair:1)
  A crocodile (Lair:1)
  A bullfrog (Lair:1)
  3 killer bees (D:10)
  4 adders (Lair:1)
  An orc (D:10)
  A plant (Lair:1)
31 creatures vanquished.

Vanquished Creatures (others)
  A black mamba zombie (Lair:1)
  2 flying skulls (Lair:1)
  A hell hound zombie (D:10)
  A water moccasin zombie (Lair:1)
  2 yak zombies (Lair:1)
  A wight (D:10)
  A bullfrog zombie (Lair:1)
  7 killer bee zombies (D:10)
  A sky beast zombie (D:10)
  A crocodile zombie (Lair:1)
  A necrophage skeleton (D:10)
  A mummy (Lair:1)
  2 adder zombies (Lair:1)
  An iguana skeleton (D:10)
  2 orc zombies
  9 fungi (Lair:1)
  26 plants (Lair:1)
60 creatures vanquished.

Grand Total: 334 creatures vanquished

Notes
Turn   | Place    | Note
-------+----------+-------------------------------------------
     0 | D:1      | doMalho the Draconian Fire Elementalist began the quest for the Orb.
     0 | D:1      | Reached XP level 1. HP: 14/14 MP: 3/3
   477 | D:1      | Reached XP level 2. HP: 20/20 MP: 1/5
  1022 | D:2      | Found a basalt altar of Yredelemnul.
  1033 | D:2      | Reached XP level 3. HP: 21/26 MP: 0/6
  1663 | D:2      | Learned a level 3 spell: Conjure Flame
  1823 | D:2      | Reached skill level 1 in Axes
  1823 | D:2      | Reached XP level 4. HP: 33/33 MP: 3/7
  2146 | D:3      | Reached skill level 4 in Fire Magic
  2433 | D:3      | Reached XP level 5. HP: 39/39 MP: 1/9
  2482 | D:3      | Reached skill level 1 in Fighting
  2884 | D:4      | Noticed a phantom
  3195 | D:4      | Killed a phantom
  3283 | D:4      | Reached XP level 6. HP: 47/47 MP: 7/10
  3297 | D:4      | Noticed doMalho's ghost (amateur DrCj)
  3323 | D:4      | Killed doMalho's ghost
  3653 | D:4      | Noticed Eustachio
  3665 | D:4      | Killed Eustachio
  3665 | D:4      | Reached skill level 5 in Fire Magic
  3665 | D:4      | Your scales start taking on a pale cyan-grey colour.
  3665 | D:4      | Reached XP level 7. HP: 41/52 MP: 1/12
  4141 | D:4      | Found a staircase to the Ecumenical Temple.
  4431 | Temple   | Entered the Ecumenical Temple
  4612 | Temple   | Became a worshipper of Yredelemnul the Dark
  4692 | D:5      | Entered Level 5 of the Dungeon
  4764 | D:5      | Reached skill level 6 in Fire Magic
  5359 | D:5      | Reached XP level 8. HP: 59/61 MP: 8/15
  5456 | D:5      | Learned a level 4 spell: Sticky Flame
  5462 | D:5      | Learned a level 5 spell: Fireball
  5541 | D:6      | Reached skill level 5 in Spellcasting
  5759 | D:6      | Reached * piety under Yredelemnul
  5968 | D:6      | Reached skill level 7 in Fire Magic
  6029 | D:6      | Reached skill level 5 in Conjurations
  6177 | D:6      | Reached XP level 9. HP: 68/68 MP: 15/18
  7271 | D:8      | Noticed a two-headed ogre
  7278 | D:8      | Killed a two-headed ogre
  7580 | D:8      | Found a sparkling altar of Nemelex Xobeh.
  7585 | D:8      | Reached skill level 8 in Fire Magic
  7647 | D:8      | Found a sand-covered staircase.
  7649 | D:8      | Reached ** piety under Yredelemnul
  7654 | Ossuary  | Entered an ossuary
  7993 | D:8      | Reached XP level 10. HP: 65/77 MP: 10/20
  8000 | D:8      | Reached skill level 1 in Staves
  8605 | D:9      | Found Cuarumn's Jewellery Boutique.
  8613 | D:9      | Bought the ring "Vuecux" {rF+ rN+} for 510 gold pieces
  8630 | D:9      | Reached skill level 1 in Evocations
  8630 | D:9      | Reached skill level 1 in Invocations
  8683 | D:9      | Found a shadowy altar of Dithmenos.
  8717 | D:9      | Found Powkoof's Magic Scroll Shop.
  9076 | D:9      | Found Ecwaph's Weapon Shop.
  9153 | D:9      | Found Zool's Jewellery Shop.
  9210 | D:9      | Reached skill level 1 in Throwing
  9441 | D:9      | Found Oniele's Weapon Boutique.
  9791 | D:10     | Entered Level 10 of the Dungeon
  9791 | D:10     | Noticed Harold
  9801 | D:10     | Killed Harold
  9801 | D:10     | Reached skill level 5 in Dodging
  9801 | D:10     | Reached skill level 9 in Fire Magic
  9886 | D:10     | Found a staircase to the Lair.
  9916 | D:10     | Noticed a two-headed ogre
  9925 | D:10     | Killed a two-headed ogre
  9955 | D:10     | Noticed Fannar
  9966 | D:10     | Killed Fannar
  9966 | D:10     | Reached XP level 11. HP: 64/85 MP: 15/23
 10074 | D:10     | Reached *** piety under Yredelemnul
 10147 | D:10     | Received a gift from Yredelemnul (a wight)
 10475 | D:10     | Upgraded the game from 0.21-a0-404-g291f19a to 0.21-a0-405-gf2af9a1
 10656 | D:10     | Reached skill level 5 in Fighting
 11120 | Lair:1   | Entered Level 1 of the Lair of Beasts
 11191 | Lair:1   | Received a gift from Yredelemnul (a mummy)
 11413 | Lair:1   | Noticed a wolf spider
 11418 | Lair:1   | Killed a wolf spider
 11439 | Lair:1   | Noticed Gastronok
 11446 | Lair:1   | Received a gift from Yredelemnul (3 flying skulls)
 11452 | Lair:1   | Killed Gastronok
 11507 | Lair:1   | Slain by a spiny frog

Vault maps used:
D:1:      matt_arrival_grand_opening, st_stairs_12
D:2:      yredelemnul_altar_generic
D:3:      first_bread, serial_glass, glass_columns_a, glass_columns_a,
          glass_columns_b, glass_columns_c, minmay_vboxes
D:4:      minmay_temple_entry_poolview, uniq_eustachio
D:7:      kennysheep_small_circle
D:8:      gup_ossuary_entry_pyramid, grunt_livestock, nemelex_dance_club_becter
D:9:      nicolae_dithmenos_the_darkroom, serial_shops,
          nicolae_shop_temple_entry_statues_fountains, shop, nicolae_shop_stone,
          shop, nicolae_shop_trees, minmay_misc_feat_room, lemuel_old_faithful
D:10:     minmay_lair_entry_lava, special_room, uniq_harold, uniq_fannar
Temple:   kilobyte_greek_temple
Lair:1:   minmay_lair_venomous_thicket, lemuel_fruit_fields, uniq_gastronok
Ossuary:  ossuary_crypta

Skill      XL: |  1  2  3  4  5  6  7  8  9 10 11 |
---------------+----------------------------------+-----
Dodging        | 2 3 4 5 6 |  6.2
Stealth        | 2 3 4 |  4.5
Axes           | 1 2 3 |  3.3
Fire Magic     | 4 5 6 7 8 9 |  9.7
Fighting       | 1 2 3 4 5 |  5.7
Spellcasting   | 3 4 6 7 8 |  8.7
Conjurations   | 2 3 4 5 6 7 8 |  8.0
Staves         | 2 4 |  4.1
Evocations     | 3 |  3.9
Invocations    | 2 4 |  4.3
Throwing       | 1 2 |  2.5

Action                   |  1- 3 |  4- 6 |  7- 9 | 10-12 || total
-------------------------+-------+-------+-------+-------++-------
Melee: Hand axe          |    33 |    18 |    80 |       ||   131
       Unarmed           |     4 |       |       |       ||     4
       Tailslap          |     1 |    12 |    10 |     5 ||    28
       War axe           |       |    82 |       |       ||    82
       Staff             |       |       |    19 |    37 ||    56
       Quarterstaff      |       |       |       |    35 ||    35
Throw: Javelin           |       |       |     2 |    18 ||    20
       Throwing net      |       |       |       |     1 ||     1
 Cast: Flame Tongue      |    47 |    99 |    92 |    96 ||   334
       Sticky Flame      |       |       |     9 |    24 ||    33
       Conjure Flame     |       |       |     2 |     2 ||     4
Invok: Recall Undead Sla |       |       |     1 |       ||     1
       Animate Remains   |       |       |       |     4 ||     4
       Injury Mirror     |       |       |       |     1 ||     1
       Animate Dead      |       |       |       |    18 ||    18
 Abil: Breathe Steam     |       |       |    46 |    48 ||    94
Evoke: Wand              |       |       |       |     4 ||     4
  Use: Scroll            |       |    16 |     5 |     3 ||    24
       Potion            |       |     4 |       |     3 ||     7
 Stab: Sleeping          |       |       |     2 |       ||     2
  Eat: Chunk             |     3 |    20 |    25 |    24 ||    72
Armor: Skin              |    27 |    62 |    72 |    61 ||   222
Dodge: Dodged            |    39 |    85 |   109 |   167 ||   400

Table legend:
 A = Spawn XP
 B = Non-spawn XP
 C = Spawn XP percentage of total XP
 D = Spawn monster count
 E = Non-spawn monster count
 F = Spawn count percentage of total count
 G = Total turns spent on level
                    A         B        C        D         E        F      G
               +---------+---------+-------+---------+---------+-------+---------
         Total |       0 |   20728 |   0.0 |       0 |     267 |   0.0 | 11507
               +---------+---------+-------+---------+---------+-------+---------
           D:1 |       0 |      26 |   0.0 |       0 |      11 |   0.0 |  1053
           D:2 |       0 |      92 |   0.0 |       0 |      17 |   0.0 |   857
           D:3 |       0 |      92 |   0.0 |       0 |      27 |   0.0 |  1237
           D:4 |       0 |     895 |   0.0 |       0 |      21 |   0.0 |  1317
           D:5 |       0 |     326 |   0.0 |       0 |      16 |   0.0 |   771
           D:6 |       0 |    1516 |   0.0 |       0 |      25 |   0.0 |   916
           D:7 |       0 |     877 |   0.0 |       0 |      23 |   0.0 |   832
           D:8 |       0 |    2286 |   0.0 |       0 |      15 |   0.0 |  1221
           D:9 |       0 |    2334 |   0.0 |       0 |      27 |   0.0 |  1187
          D:10 |       0 |    6581 |   0.0 |       0 |      47 |   0.0 |  1329
        Lair:1 |       0 |    5628 |   0.0 |       0 |      34 |   0.0 |   387
       Ossuary |       0 |      75 |   0.0 |       0 |       4 |   0.0 |   172
               +---------+---------+-------+---------+---------+-------+---------
